 Dungeon Crawl Stone Soup version 0.27-a0-54-g64bdb92e38 (webtiles) character file.

Game seed: 2557969429850468974

140 runemasterragnar the Skirmisher (level 5, -2/59 HPs)
             Began as an Ogre Monk on Jan 8, 2021.
             Slain by a gnoll
             ... wielding a cursed -1 halberd
              (10 damage)
             ... on level 3 of the Dungeon.
             The game lasted 00:02:42 (3511 turns).

runemasterragnar the Skirmisher (Ogre Monk)         Turns: 3511, Time: 00:02:44

Health: -2/59      AC: 10    Str: 16    XL:     5   Next: 23%
Magic:  5/5        EV: 11    Int: 11    God:
Gold:   135        SH:  0    Dex: 11    Spells: 4/4 levels left

rFire    . . .     SeeInvis .   o - +2 halberd (protect)
rCold    . . .     Faith    .   (shield currently unavailable)
rNeg     . . .     Spirit   .   b - +0 robe
rPois    .         Reflect  .   (helmet restricted)
rElec    .         Harm     .   (no cloak)
rCorr    .         Rampage  .   (gloves unavailable)
Will     .....                  (boots unavailable)
Stlth    ++........             (no amulet)
HPRegen  0.19/turn              (no ring)
MPRegen  0.09/turn              (no ring)

@: protection aura
A: large, unfitting armour, tough skin 1
a: no special abilities


You were on level 3 of the Dungeon.
You visited 1 branch of the dungeon, and saw 3 of its levels.

You collected 135 gold pieces.

Inventory:

Hand Weapons
 a - a +0 hand axe
 o - a +2 halberd of protection (weapon)
Missiles
 r - 4 boomerangs (quivered)
Armour
 b - a +0 robe (worn)
Jewellery
 k - a cursed ring of teleportation {unknown}
Wands
 m - a wand of flame (8)
Scrolls
 c - 8 scrolls of identify {unknown}
 e - 2 scrolls of remove curse {unknown}
 g - a scroll of magic mapping {unknown}
 j - a scroll of blinking {unknown}
 n - 4 scrolls of teleportation {unknown}
Potions
 d - 2 potions of curing
 f - a potion of heal wounds
 h - a potion of berserk rage {unknown}
 i - 2 potions of mutation {unknown}
 l - a potion of magic {unknown}
 p - 2 potions of attraction {unknown}
 q - a potion of lignification {unknown}


   Skills:
 * Level 6.1 Fighting
 - Level 3.6(3.7) Axes
 + Level 0.7(2.3) Polearms
 + Level 3.4 Dodging
 - Level 1.4 Stealth


You had 4 spell levels left.
You didn't know any spells.
Your spell library was empty.

Dungeon Overview and Level Annotations

Branches:
Dungeon (3/15)

Altars:
Vehumet
Xom
The Shining One


Innate Abilities, Weirdness & Mutations

You are too large for most types of armour.
You have tough skin. (AC +1)


Message History

Reach: o) +2 halberd (protect)
Press: ? - help, Dir - move target, f/p - gnoll
Aim: a gnoll, wielding a +0 spear (heavily wounded)
You reach to attack!
You slash the gnoll!
You kill the gnoll!
Unknown command.
Evoke which item? (* to show all) (? for menu, Esc to quit)
Reach: o) +2 halberd (protect)
Press: ? - help, Dir - move target, f - gnoll
Aim: a gnoll, wielding a -1 halberd You reach to attack!
You barely miss the gnoll. The gnoll barely misses you.
Unknown command.
Evoke which item? (* to show all) (? for menu, Esc to quit)
Reach: o) +2 halberd (protect)
Press: ? - help, Dir - move target, f/p - gnoll
Aim: a gnoll, wielding a -1 halberd You reach to attack!
You hit the gnoll.
The gnoll is heavily wounded.
The gnoll hits you from afar with a cursed -1 halberd!
You die...

..'...# #.......#
#............. ..#####
######### ##.#....#.....
..# ##.#..#.##..## ### .#
#.....#.##.... ###...#
###########.....#.##.###
......+
.....................# #
#.....#
######.######....##.###
#.#...# #.# #..####....
..# ..# #@# #..# #.###
.## .# #.# ##.# #..## ..
.. .....#g# #.# ##.## .#.
. #....#.##### #.# #.##
.#. #....#...†)###.# #.##
##....#.......#.# #...
#.....#.###.#.#.##.###.#
##...g.#)###+#......# #..
#......#.........##.###..


You could see a gnoll.

Vanquished Creatures
  2 adders (D:2)
  6 gnolls (D:3)
  2 worms
  5 dart slugs
  A leopard gecko (D:1)
  An orc (D:3)
  9 bats
  2 giant cockroaches (D:1)
  A goblin (D:1)
  5 hobgoblins
  4 jackals (D:1)
  3 kobolds
  A quokka (D:3)
  2 ball pythons
  3 frilled lizards
  4 rats
51 creatures vanquished.

Notes
Turn   | Place    | Note
-------+----------+-------------------------------------------
     0 | D:1      | runemasterragnar the Ogre Monk began the quest for the Orb.
     0 | D:1      | Reached XP level 1. HP: 24/24 MP: 1/1
   203 | D:1      | Reached XP level 2. HP: 18/33 MP: 2/2
   912 | D:1      | Reached XP level 3. HP: 37/40 MP: 3/3
  1518 | D:2      | Reached skill level 5 in Fighting
  2184 | D:2      | Reached XP level 4. HP: 50/50 MP: 4/4
  2704 | D:2      | Found a glowing golden altar of the Shining One.
  2707 | D:2      | Found a radiant altar of Vehumet.
  2710 | D:2      | Found a shimmering altar of Xom.
  3493 | D:3      | Reached XP level 5. HP: 29/59 MP: 5/5
  3500 | D:3      | Reached skill level 6 in Fighting
  3511 | D:3      | Slain by a gnoll

Illustrated notes

Levels and vault maps discovered:
D:1:      nicolae_arrival_somewhat_less_tricky_arrival, layout_basic
D:2:      layout_loops_ring, grunt_temple_overflow_diamond
D:3:      layout_basic, minmay_unequal

Skill      XL: |  1  2  3  4  5 |
---------------+----------------+-----
Dodging        | 3 |  3.4
Fighting       | 5 6 |  6.1
Axes           | |  3.6
Polearms       | |  0.7
Stealth        | |  1.4

Action                   |  1- 3 |  4- 6 || total
-------------------------+-------+-------++-------
Melee: Hand axe          |   112 |    74 ||   186
       Halberd           |       |    21 ||    21
Evoke: Wand              |       |     3 ||     3
  Use: Potion            |     1 |     1 ||     2
 Stab: Sleeping          |     3 |       ||     3
Armor: Robe              |    37 |    38 ||    75
Dodge: Dodged            |    76 |    79 ||   155

Table legend: (Time is in decaauts)
 A = Elapsed time spent in this place.
 B = Non-inter-level travel time spent in this place.
 C = Inter-level travel time spent in this place.
 D = Time resting spent in this place.
 E = Time spent auto-exploring this place.
 F = Levels seen in this place.
 G = Mean time per level.
                   A        B        C        D        E       F      G
               +--------+--------+--------+--------+--------+-----+--------+
         Total |   3543 |   3484 |     59 |    644 |   2365 |   3 | 1181.0 |
       Dungeon |   3543 |   3484 |     59 |    644 |   2365 |   3 | 1181.0 |
               +--------+--------+--------+--------+--------+-----+--------+

Top non-repeatable levels by time:
     D:1: 1491 daAuts
     D:2: 1279 daAuts
     D:3: 772 daAuts
